 Dungeon Crawl Stone Soup version 0.27.1-3-gb3d3a73c9e (webtiles) character file.

Game seed: 168034218388551265

449 earthworldpsion the Ruffian (level 7, 0/59 HPs)
             Began as a Ghoul Monk on Oct 17, 2021.
             Was a Believer of Dithmenos.
             Slain by a killer bee (6 damage)
             ... on level 4 of the Dungeon.
             The game lasted 00:14:25 (3169 turns).

earthworldpsion the Ruffian (Ghoul Monk)            Turns: 3169, Time: 00:14:27

Health: 0/59       AC:  8    Str: 16    XL:     7   Next: 4%
Magic:  6/6        EV: 10    Int:  5    God:    Dithmenos [**....]
Gold:   143        SH:  0    Dex: 12    Spells: 6/6 levels left

rFire    . . .     SeeInvis .   s - +5 rapier (venom)
rCold    + + .     Faith    .   (no shield)
rNeg     + + +     Spirit   .   d - +0 scale mail
rPois    ∞         Reflect  .   (no helmet)
rElec    .         Harm     .   h - +1 cloak
rCorr    .         Rampage  .   (no gloves)
Will     .....                  (no boots)
Stlth    +.........             r - amulet of the acrobat
HPRegen  0.00/turn              g - ring of protection from cold
MPRegen  0.10/turn              (no ring)

@: inhibited regen, wreathed by umbra
A: claws 1, cold resistance 1, negative energy resistance 3, inhibited
regeneration, torment resistance 2
a: Renounce Religion, Shadow Step


You were on level 4 of the Dungeon.
You worshipped Dithmenos.
Dithmenos was pleased with you.
You visited 1 branch of the dungeon, and saw 5 of its levels.

You collected 143 gold pieces.

Inventory:

Hand Weapons
 s - a +5 rapier of venom (weapon)
 t - a +1 scimitar of holy wrath
Missiles
 n - 48 bolts
Armour
 d - a +0 scale mail (worn)
 h - a +1 cloak (worn)
 l - a +0 chain mail of poison resistance
Jewellery
 g - a ring of protection from cold (left claw)
 r - an amulet of the acrobat (around neck)
Wands
 y - a wand of flame (16) (quivered)
Scrolls
 a - a scroll of silence {unknown}
 c - a scroll of enchant armour {unknown}
 i - a scroll of magic mapping {unknown}
 j - a scroll of teleportation {unknown}
 o - a scroll of fog {unknown}
 u - a scroll of noise {unknown}
 w - a scroll of immolation {unknown}
 x - 2 scrolls of amnesia
Potions
 b - 2 potions of haste {unknown}
 f - a potion of mutation
 m - a potion of degeneration {unknown}
 q - a potion of might
 v - a potion of heal wounds {unknown}


   Skills:
 + Level 4.0 Fighting
 + Level 1.2 Short Blades
 * Level 0.3(0.8) Long Blades
 + Level 2.9 Armour
 + Level 3.3 Dodging
 + Level 2.9 Stealth
 + Level 6.0 Unarmed Combat


You had 6 spell levels left.
You didn't know any spells.
Your spell library contained the following spells:

 Spells                   Type           Power      Damage    Failure   Level
 Animate Skeleton         Necr           0%         N/A       88%         1
 Pain                     Necr           0%         1d4       88%         1
 Vampiric Draining        Necr           0%         2d6       99%         3


Dungeon Overview and Level Annotations

Branches:
Dungeon (5/15)
 Temple: D:4-7

Altars:
Dithmenos

Shops:
D:2 :


Innate Abilities, Weirdness & Mutations

You thrive by killing the living.
You are immune to poison.
You have sharp fingernails.
Your flesh is cold resistant. (rC+)
You are immune to negative energy. (rN+++)
You do not regenerate when monsters are visible.
You are immune to unholy pain and torment.


Message History

You climb downwards.
The killer bee stings you. The killer bee closely misses you.
The killer bee stings you. The killer bee misses you.
The killer bee barely misses you. x3
The killer bee closely misses you.
The killer bee stings you but does no damage.
There is a stone staircase leading up here.
You puncture the killer bee!
The killer bee is poisoned.
The killer bee is heavily wounded.
The killer bee stings you but does no damage. x3
The killer bee stings you. The killer bee completely misses you.
The killer bee closely misses you. The killer bee stings you.
The killer bee stings you! The killer bee closely misses you.
The killer bee stings you.
You can't go down here!
The killer bee barely misses you. The killer bee stings you.
* * * LOW HITPOINT WARNING * * *
The killer bee barely misses you. x2; The killer bee stings you.
* * * LOW HITPOINT WARNING * * *
The killer bee stings you but does no damage.
The killer bee stings you.
* * * LOW HITPOINT WARNING * * *
The killer bee stings you.
* * * LOW HITPOINT WARNING * * *
You climb upwards.
There is a stone staircase leading down here.
It was a potion of might.
You feel very mighty all of a sudden.
You kill the killer bee!
Dithmenos accepts your kill.
The killer bee barely misses you. x2; The killer bee completely misses you.
The killer bee barely misses you.
Your Fighting skill increases to level 4!
You have reached level 7!
It was a potion of cancellation.
Your magical effects are unravelling.
You feel magically purged.
You feel a little less mighty now.
The killer bee stings you but does no damage.
The killer bee barely misses you. The killer bee stings you.
You die...

.........###.#.#.# #.........#
..........##.#.#.# #.########.
...........#.....# #.# ###..
...........#.....# #.# #....
##.......#.#.....# #.# #.#..
##.....##.......######.# #.##.
#....##............##.# #.###
#.#....(......y###.##.# #....
###.#####...####@# #.##.# #.###
....######.#####y###.##.# #.# #
###.##........#.y.##.##.# #.# #
#.##..#####..###<#.##.# #.# #
###.##..# #.## ##..##.# #.# #
#.......# #.# #..##.# #.# #
#.#.....# #.## ##.###.#####.###
#.#.....#####..###)####.##.......
#.####........#...............###


You could see 3 killer bees.

Vanquished Creatures
  2 ogres (D:4)
  3 killer bees (D:4)
  2 iguanas (D:3)
  An adder (D:3)
  An adder skeleton (D:4)
  4 worms
  2 dart slugs
  An orc (D:3)
  4 ball pythons (D:1)
  9 endoplasms
  10 giant cockroaches
  5 goblins
  4 hobgoblins
  3 jackals (D:2)
  4 kobolds
  6 quokkas
  3 bats
  5 rats
69 creatures vanquished.

Notes
Turn   | Place    | Note
-------+----------+-------------------------------------------
     0 | D:1      | earthworldpsion the Ghoul Monk began the quest for the Orb.
     0 | D:1      | Reached XP level 1. HP: 19/19 MP: 0/0
   182 | D:1      | Reached XP level 2. HP: 21/26 MP: 1/1
   387 | D:1      | Reached XP level 3. HP: 31/31 MP: 2/2
   497 | D:1      | You fall into a shaft and drop 1 floor!
   515 | D:2      | Found a faded altar of an unknown god.
   658 | D:2      | Reached skill level 4 in Unarmed Combat
   897 | D:2      | Found Ydestraoss's Book Shop.
   922 | D:2      | Reached XP level 4. HP: 18/38 MP: 3/3
  1363 | D:2      | Found a shadowy altar of Dithmenos.
  1378 | D:2      | Became a worshipper of Dithmenos the Shadowed
  1378 | D:2      | Reached * piety under Dithmenos
  1378 | D:2      | Reached ** piety under Dithmenos
  1550 | D:3      | Reached skill level 1 in Armour
  1607 | D:3      | Reached XP level 5. HP: 14/45 MP: 4/4
  2160 | D:4      | Noticed an ogre
  2170 | D:4      | Killed an ogre
  2171 | D:4      | Reached skill level 5 in Unarmed Combat
  2533 | D:4      | Reached XP level 6. HP: 51/51 MP: 5/5
  3143 | D:5      | Entered Level 5 of the Dungeon
  3159 | D:4      | Reached skill level 1 in Short Blades
  3162 | D:4      | Reached skill level 6 in Unarmed Combat
  3169 | D:4      | Reached XP level 7. HP: 6/59 MP: 6/6
  3169 | D:4      | Slain by a killer bee

Illustrated notes

Levels and vault maps discovered:
D:1:      lemuel_arrival_tunnels, layout_loops_ring, minmay_worlds_worst_comb
D:2:      layout_basic, hellmonk_ecumenical_altar_dog_temple, serial_shops,
          shop, basic_altar
D:3:      layout_rooms
D:4:      layout_loops_ring, kennysheep_generic_room_13
D:5:      layout_basic

Skill      XL: |  1  2  3  4  5  6 |
---------------+-------------------+-----
Dodging        | 3 |  3.3
Unarmed Combat | 4 5 6 |  6.0
Armour         | 1 2 |  2.9
Short Blades   | 1 |  1.2
Fighting       | 4 |  4.0
Long Blades    | |  0.3
Stealth        | |  2.9

Action                   |  1- 3 |  4- 6 |  7- 9 || total
-------------------------+-------+-------+-------++-------
Melee: Unarmed           |   130 |    69 |       ||   199
       Punch             |     3 |     4 |       ||     7
       Rapier            |       |    33 |       ||    33
  Use: Potion            |     1 |     1 |     1 ||     3
       Scroll            |       |     5 |       ||     5
Armor: Scale mail        |    72 |    47 |     1 ||   120
Dodge: Dodged            |    87 |    82 |     1 ||   170
